 Dungeon Crawl Stone Soup version 0.20.0-3-g22ec75f (webtiles) character file.

52 Kosschaser the Shield-Bearer (level 3, -1/23 HPs)
             Began as a Gargoyle Fighter on May 27, 2017.
             Killed from afar by Natasha (4 damage)
             ... with a magic dart
             ... on level 3 of the Dungeon.
             The game lasted 00:03:45 (1366 turns).

Kosschaser the Shield-Bearer (Gargoyle Fighter)     Turns: 1366, Time: 00:03:46

Health: -1/23      AC:  6    Str: 20    XL:     3   Next: 85%
Magic:  3/3        EV:  6    Int:  8    God:
Gold:   46         SH: 14    Dex:  9    Spells: 2/2 levels left

rFire    . . .     SeeInvis .   o - +3 whip
rCold    . . .     Gourm    .   q - +0 large shield (curse)
rNeg     + . .     Faith    .   v - +0 leather armour (curse)
rPois    ∞         Spirit   .   (no helmet)
rElec    +         Reflect  .   (no cloak)
rCorr    .         Harm     .   (no gloves)
MR       .....                  (no boots)
Stlth    +.........             (no amulet)
Regen    0.1/turn               u - ring of wizardry
MPRegen  0.1/turn               (no ring)

@: slowed, very slow
A: negative energy resistance 1, electricity resistance, unbreathing,
petrification resistance, rot immunity, AC +3
a: no special abilities


You were on level 3 of the Dungeon.
You were not hungry.

You visited 1 branch of the dungeon, and saw 3 of its levels.

You collected 46 gold pieces.

Inventory:

Hand Weapons
 a - a +0 flail
 o - a +3 whip (weapon)
Armour
 b - a +0 scale mail
 q - a cursed +0 large shield (worn)
 v - a cursed +0 leather armour (worn)
Jewellery
 u - a ring of wizardry (left hand)
Scrolls
 i - a scroll of noise {unknown}
 k - a scroll of remove curse {unknown}
 n - a scroll of identify {unknown}
 p - a scroll of magic mapping {unknown}
 t - a scroll of recharging {unknown}
 w - a scroll of random uselessness {unknown}
 y - a scroll of fog {unknown}
Potions
 c - 3 potions of curing {unknown}
 d - a potion of might
 e - 2 potions of lignification {unknown}
 h - a potion of heal wounds {unknown}
 l - a potion of brilliance {unknown}
 m - a potion of degeneration {unknown}
 r - a potion of berserk rage {unknown}
 s - a potion of agility {unknown}
 x - a potion of haste {unknown}
 z - a potion of flight {unknown}
Comestibles
 f - 2 bread rations
 g - a meat ration
 j - a royal jelly
 A - a chunk of flesh


   Skills:
 + Level 3.6 Fighting
 + Level 2.7 Maces & Flails
 + Level 3.7 Armour
 + Level 0.1 Dodging
 + Level 3.9 Shields


You had 2 spell levels left.
You didn't know any spells.

Dungeon Overview and Level Annotations

Branches:
Dungeon (3/15)

Altars:

Annotations:
D:3 Natasha


Innate Abilities, Weirdness & Mutations

You are resistant to torment.
Your stone body is resilient. (AC +3)
You are immune to poison.
You resist negative energy. (rN+)
You are resistant to electric shocks. (rElec)
You can survive without breathing.
You are immune to petrification.
You are immune to rotting.


Message History

* * * LOW HITPOINT WARNING * * *
You whack Natasha!
Natasha is almost dead.
You block Natasha's attack.
You hit Natasha but do no damage.
Natasha is almost dead.
You block Natasha's attack.
You hit Natasha but do no damage.
Natasha is almost dead.
You block Natasha's attack.
You completely miss Natasha.
Natasha is almost dead.
You block Natasha's attack. Natasha casts a spell at you.
You feel yourself slow down.
You barely miss Natasha.
Natasha is almost dead.
Natasha casts a spell at you. The magic dart hits you!
You die...

# ##.######
#.......#
#####'#.#
########.#.#
#...%h@..#.#
#.########.#
...##.#.#
#.##.#.#
#<...#.#
#.#.##.#
...#....#
#.########
#.


You could see Natasha.

Vanquished Creatures
  An adder (D:2)
  An ooze (D:2)
  2 worms (D:2)
  2 dart slugs (D:1)
  2 giant cockroaches (D:1)
  2 goblins (D:1)
  4 hobgoblins
  7 bats
  3 frilled lizards
  5 kobolds
  3 rats (D:1)
32 creatures vanquished.

Notes
Turn   | Place    | Note
-------+----------+-------------------------------------------
     0 | D:1      | Kosschaser the Gargoyle Fighter began the quest for the Orb.
     0 | D:1      | Reached XP level 1. HP: 14/14 MP: 1/1
    72 | D:1      | Reached XP level 2. HP: 17/19 MP: 2/2
   600 | D:2      | Reached XP level 3. HP: 23/23 MP: 3/3
  1355 | D:3      | Noticed Natasha
  1366 | D:3      | Killed from afar by Natasha

Action                   || total
-------------------------++-------
Melee: Flail             ||    41
       Whip              ||    80
  Eat: Chunk             ||     2
Armor: Scale mail        ||    59
       Leather armour    ||     8
Dodge: Dodged            ||    24
Block: Shield            ||    28
       Large shield      ||    71
